Get step-by-step instructions on how to execute this build order below. Start the game timer, and the build order will tick by so you can play in parallel with StarCraft on a second screen or mobile device.

Game Time

  0:00

Last Step

  N/A

Next Step

Upcoming Step



Don't want to look back and forth between 2 screens? Try out our Overwolf App, the Spawning Tool Build Advisor to get an in-game overlay with this build!

Complete Build Order

  8  0:00  Probe (Chrono Boost)  
  9  0:12  Probe (Chrono Boost)  
  10  0:21  Probe (Chrono Boost)  
  11  0:26  Probe  
  12  0:35  Pylon  
  12  0:39  Probe  
  13  0:54  Gateway  
  13  1:06  Gateway  
  13  1:10  Probe  
  14  1:23  Probe  
  15  1:28  Pylon  
  15  1:35  Probe  
  16  1:46  Zealot (Chrono Boost)  
  18  1:47  Probe  
  18  1:53  Zealot (Chrono Boost)  
  23  2:12  Zealot (Chrono Boost)  
  23  2:15  Zealot (Chrono Boost)  
  25  2:19  Assimilator  
  25  2:30  Zealot (Chrono Boost)  
  25  2:35  Zealot  
  29  2:37  Cybernetics Core  
  29  2:42  Pylon  
  29  3:00  Probe, Zealot (Chrono Boost)  
  29  3:04  Zealot (Chrono Boost)  
  35  3:12  Probe  
  35  3:24  Probe  
  36  3:27  Adept (Chrono Boost)  
  36  3:34  Shield Battery  
  36  3:39  Adept (Chrono Boost)  
  36  3:40  Pylon  
  37  3:41  Assimilator  
  34  3:55  Stalker  
  37  3:58  Probe  
  32  4:10  Probe  
  19  4:22  Probe